[Event "Titled Tuesday Blitz February 28 Early 2023"]
[White "Grot, Blazej"]
[Black "Chemin, Justo Reinaldo"]
[WhiteFideId "21835845"]
[BlackFideId "2101580"]
[WhiteElo "1823"]
[BlackElo "1940"]
[Result "1-0"]
[Round "04"]
[TimeControl "180+2"]
[Date "2023.02.28"]
[WhiteClock "0:00:01"]
[BlackClock "0:00:01"]

1. e4 e6 2. d4 d5 3. Nc3 Bb4 4. e5 c5 5. a3 Bxc3+ 6. bxc3 Qc7 7. Qg4 f6 8. Nf3 Nc6 9. Bb5 Qf7 10. O-O h5 11. Qg3 Bd7 12. Bxc6 bxc6 13. dxc5 Ne7 14. Rb1 Nf5 15. Qf4 g5 16. Qb4 g4 17. Nd4 fxe5 18. Qb7 Rc8 19. Nxf5 exf5 20. Re1 e4 21. Bf4 O-O 22. Qxa7 Ra8 23. Qc7 Be6 24. Qxc6 Rfc8 25. Qd6 Rd8 26. Qe5 Re8 27. c6 Qg7 28. Qd6 Qe7 29. Qe5 Qg7 30. Qxg7+ Kxg7 31. Rb7+ Kf6 32. Bd6 Rec8 33. c7 Ra6 34. Bb4 Rc6 35. Ba5 d4 36. cxd4 Rxc2 37. h3 h4 38. hxg4 fxg4 39. Rxe4 Bd5 40. Re1 Bxb7 41. Rb1 g3 42. fxg3 Rxg2+ 43. Kf1 1-0


[Site "https://www.chess.com"]

[Event "Titled Tuesday Blitz February 28 Early 2023"]
[White "Sernecki, Franciszek"]
[Black "Flis, Pawel"]
[WhiteFideId "1169297"]
[BlackFideId "1112864"]
[WhiteElo "2210"]
[BlackElo "1822"]
[Result "1-0"]
[Round "04"]
[TimeControl "180+2"]
[Date "2023.02.28"]
[WhiteClock "0:00:37"]
[BlackClock "0:00:01"]

1. c4 Nf6 2. Nc3 g6 3. e4 d6 4. g3 Bg7 5. Bg2 O-O 6. Nge2 c5 7. O-O Nc6 8. d3 a6 9. h3 Rb8 10. a4 Nd4 11. Be3 Ne8 12. Rb1 Nc7 13. b4 Nxe2+ 14. Nxe2 cxb4 15. Rxb4 Ne6 16. Bb6 Qe8 17. d4 Nd8 18. d5 f5 19. a5 fxe4 20. Kh2 Nf7 21. Bxe4 Bxh3 22. Kxh3 Ng5+ 23. Kg2 Nxe4 24. Nf4 Ng5 25. Bd4 Qd7 26. Bxg7 Kxg7 27. Qd4+ Kg8 28. Rh1 Rf5 29. Nxg6 hxg6 30. Rh8+ Kf7 31. Rxb8 Rf3 32. Qh8 Rxf2+ 33. Kxf2 Qf5+ 34. Kg1 1-0


[Site "https://www.chess.com"]

[Event "Titled Tuesday Blitz February 28 Early 2023"]
[White "Buksa, Nataliya"]
[Black "Necula, Iulian"]
[WhiteFideId "14123622"]
[BlackFideId "1232380"]
[WhiteElo "2316"]
[BlackElo "1790"]
[Result "1-0"]
[Round "04"]
[TimeControl "180+2"]
[Date "2023.02.28"]
[WhiteClock "0:02:31"]
[BlackClock "0:01:08"]

1. d4 d6 2. Nc3 f5 3. e4 fxe4 4. Nxe4 Nf6 5. Nxf6+ exf6 6. Nf3 Nc6 7. Be2 Be7 8. Bc4 d5 9. Bb5 Bd7 10. O-O O-O 11. c3 a6 12. Ba4 Bd6 13. h3 Ne7 14. Bc2 Bf5 15. Bxf5 Nxf5 16. Qb3 Rb8 17. Qxd5+ Kh8 18. Qxf5 g6 19. Qc2 Qd7 20. Bd2 Rbe8 21. Rfe1 Rxe1+ 22. Rxe1 Re8 23. Rxe8+ Qxe8 24. Qd3 b5 25. Qe3 Qf7 26. b3 c6 27. Qe4 Qd7 28. h4 Kg7 29. c4 Bc7 30. Bc3 Kh6 31. d5 f5 32. Qe3+ f4 33. Qe6 Qd8 34. Qf6 Qxf6 35. Bxf6 cxd5 36. cxd5 1-0


[Site "https://www.chess.com"]

[Event "Titled Tuesday Blitz February 28 Early 2023"]
[White "Nan, M K Khine Hlyan"]
[Black "Heinemann, Josefine"]
[WhiteFideId "13002899"]
[BlackFideId "12900460"]
[WhiteElo "1943"]
[BlackElo "2342"]
[Result "0-1"]
[Round "04"]
[TimeControl "180+2"]
[Date "2023.02.28"]
[WhiteClock "0:00:50"]
[BlackClock "0:01:11"]

1. e4 c5 2. Nf3 d6 3. d4 cxd4 4. Nxd4 Nf6 5. Nc3 a6 6. Be2 e6 7. O-O Nbd7 8. Bg5 Be7 9. Kh1 Qc7 10. f4 b5 11. Bf3 Bb7 12. e5 dxe5 13. Bxb7 Qxb7 14. fxe5 Nxe5 15. Qe2 Ned7 16. Nxe6 fxe6 17. Qxe6 Qb6 18. Qe2 Kf7 19. Bxf6 Nxf6 20. Qxe7+ Kxe7 21. Nd5+ Nxd5 22. Rae1+ Kd6 23. b3 Rae8 24. Rd1 Kc6 25. c4 bxc4 26. bxc4 Nc7 27. Rf7 Rd8 28. Rc1 Qe3 29. Rxc7+ Kxc7 0-1


[Site "https://www.chess.com"]

[Event "Titled Tuesday Blitz February 28 Early 2023"]
[White "Fieberg, Samuel"]
[Black "Castillo Pena, Patricia Evarista"]
[WhiteFideId "12901717"]
[BlackFideId "6412106"]
[WhiteElo "2465"]
[BlackElo "1919"]
[Result "1-0"]
[Round "04"]
[TimeControl "180+2"]
[Date "2023.02.28"]
[WhiteClock "0:00:09"]
[BlackClock "0:00:03"]

1. d4 d5 2. Nf3 Nf6 3. g3 c6 4. Bg2 e6 5. O-O Be7 6. c4 O-O 7. Nc3 Nbd7 8. b3 b6 9. Bb2 Bb7 10. Re1 Rc8 11. a3 a6 12. Qd2 c5 13. cxd5 exd5 14. Ne5 cxd4 15. Qxd4 Bc5 16. Qf4 Bd6 17. Nxf7 Rxf7 18. Qxd6 Nc5 19. Qxd8+ Rxd8 20. b4 Nb3 21. Rad1 Ng4 22. Bf3 Ne5 23. Bxd5 Bxd5 24. e4 Nf3+ 25. Kh1 Nxe1 26. Nxd5 Nf3 27. Rd3 Rdf8 28. Rxb3 Nd2 29. Rd3 Nxe4 30. Re3 Nxf2+ 31. Kg2 Ng4 32. Rb3 Rf2+ 33. Kh3 h5 34. Kh4 Rxh2+ 35. Kg5 1-0


[Site "https://www.chess.com"]

[Event "Titled Tuesday Blitz February 28 Early 2023"]
[White "Kaufman, Raymond"]
[Black "Fawzy, Adham"]
[WhiteFideId "2015056"]
[BlackFideId "10613129"]
[WhiteElo "2321"]
[BlackElo "2543"]
[Result "1-0"]
[Round "04"]
[TimeControl "180+2"]
[Date "2023.02.28"]
[WhiteClock "0:00:10"]
[BlackClock "0:00:11"]

1. c4 Nf6 2. g3 g6 3. Bg2 Bg7 4. Nc3 O-O 5. e4 d6 6. Nge2 c5 7. O-O Nc6 8. d3 Rb8 9. h3 Ne8 10. Bg5 h6 11. Be3 Nc7 12. d4 b5 13. cxb5 Nxb5 14. dxc5 dxc5 15. Nxb5 Rxb5 16. Qa4 Rxb2 17. Rad1 Bd7 18. Nf4 Nd4 19. Qxa7 Rb5 20. Nd5 Ra5 21. Qb7 Rxa2 22. e5 Bxe5 23. Bxh6 Bg7 24. Bxg7 Kxg7 25. Rfe1 Be6 26. Qxe7 Bxd5 27. Qe5+ Qf6 28. Qxf6+ Kxf6 29. Bxd5 Rd8 30. Bxa2 Nf3+ 31. Kg2 Nxe1+ 32. Rxe1 Rd2 33. Bc4 Rc2 34. Re4 Kf5 35. Rf4+ Kg5 36. h4+ Kh6 37. Rxf7 Rxc4 38. Kh3 Rc1 39. g4 Rc3+ 40. f3 Rxf3+ 41. Rxf3 1-0


[Site "https://www.chess.com"]

[Event "Titled Tuesday Blitz February 28 Early 2023"]
[White "Sanchez, Robert"]
[Black "Herbst, Richard"]
[WhiteFideId "2034360"]
[BlackFideId "2041251"]
[WhiteElo "2436"]
[BlackElo "2141"]
[Result "1/2-1/2"]
[Round "04"]
[TimeControl "180+2"]
[Date "2023.02.28"]
[WhiteClock "0:00:04"]
[BlackClock "0:00:15"]

1. e4 c5 2. Nf3 Nc6 3. d4 cxd4 4. Nxd4 e5 5. Nb5 d6 6. N1c3 a6 7. Na3 b5 8. Nd5 Be7 9. c4 b4 10. Nc2 a5 11. Bd3 Be6 12. O-O h6 13. f4 exf4 14. Nxf4 Nf6 15. Nxe6 fxe6 16. Bf4 Ne5 17. Kh1 Qc7 18. Nd4 Qd7 19. Bxe5 dxe5 20. Nf3 Qc7 21. Qa4+ Nd7 22. Ng1 Rf8 23. Rxf8+ Kxf8 24. Rf1+ Kg8 25. Qd1 Nf6 26. Nf3 Rd8 27. Qe2 Bc5 28. Bc2 Bd4 29. Nxd4 Rxd4 30. b3 Qc6 31. Qf3 Rd2 32. Bb1 Qd6 33. h3 Qd4 34. Kh2 Kh7 35. Qg3 Rd1 36. Rxd1 Qxd1 37. Qd3 Qe1 38. c5 Nh5 39. c6 Qc1 40. Qc2 Qf4+ 41. Kg1 Qe3+ 42. Kh2 Qg3+ 43. Kh1 Qe1+ 44. Kh2 Qg3+ 45. Kg1 Qe1+ 46. Kh2 Qg3+ 1/2-1/2


[Site "https://www.chess.com"]

[Event "Titled Tuesday Blitz February 28 Early 2023"]
[White "De Souza, Cristiano Gomes"]
[Black "Slade, Theodore"]
[WhiteFideId "2151758"]
[BlackFideId "426547"]
[WhiteElo "2068"]
[BlackElo "1964"]
[Result "1-0"]
[Round "04"]
[TimeControl "180+2"]
[Date "2023.02.28"]
[WhiteClock "0:00:51"]
[BlackClock "0:01:48"]

1. d4 d5 2. c4 e6 3. Nf3 Nf6 4. Nc3 Be7 5. Bg5 h6 6. Bh4 dxc4 7. e3 c5 8. Bxc4 cxd4 9. Nxd4 O-O 10. O-O a6 11. Rc1 b5 12. Be2 Bb7 13. Bf3 Bxf3 14. Qxf3 Nbd7 15. Nc6 Qe8 16. Nxe7+ Qxe7 17. Ne4 Rac8 18. Bxf6 Nxf6 19. Nxf6+ Qxf6 20. Rxc8 Rxc8 21. Qb7 Rc2 22. Qxa6 Qxb2 23. g3 b4 24. Qa8+ Kh7 25. Qe4+ g6 26. h4 h5 27. Qf4 Kg7 28. Rd1 e5 29. Qf3 Qxa2 30. Rd6 e4 31. Qf6+ Kh7 32. Rd8 Qa1+ 33. Qxa1 1-0


[Site "https://www.chess.com"]

[Event "Titled Tuesday Blitz February 28 Early 2023"]
[White "Mirzanurov, Bulat"]
[Black "Da Silva Borges, Rodrigo"]
[WhiteFideId "4184521"]
[BlackFideId "2115778"]
[WhiteElo "2019"]
[BlackElo "2099"]
[Result "1-0"]
[Round "04"]
[TimeControl "180+2"]
[Date "2023.02.28"]
[WhiteClock "0:00:36"]
[BlackClock "0:00:10"]

1. e4 c5 2. Nf3 d6 3. d4 cxd4 4. Nxd4 Nf6 5. f3 Nc6 6. Nc3 e5 7. Nb3 Be7 8. Be3 O-O 9. Qd2 a5 10. a4 Be6 11. O-O-O Rc8 12. Kb1 Nb4 13. g4 Qc7 14. g5 Nh5 15. Bd3 Nxd3 16. Qxd3 f5 17. Nb5 Qd7 18. Nxd6 Qxa4 19. Nxf5 Bxf5 20. exf5 Nf4 21. Qe4 Qc6 22. Bxf4 exf4 23. h4 Bb4 24. Qd5+ Kh8 25. Qxc6 Rxc6 26. Rd5 a4 27. Nd4 Rd6 28. Rxd6 Bxd6 29. Re1 Bc5 30. Ne6 Bf2 31. Rd1 Re8 32. h5 Bb6 33. g6 h6 34. Rd7 Be3 35. Rxg7 Rxe6 36. Rh7+ Kg8 37. fxe6 1-0


[Site "https://www.chess.com"]

[Event "Titled Tuesday Blitz February 28 Early 2023"]
[White "Kohler, Aran"]
[Black "Carrasco Miranda, Andres"]
[WhiteFideId "1002856"]
[BlackFideId "3405990"]
[WhiteElo "2256"]
[BlackElo "2183"]
[Result "0-1"]
[Round "04"]
[TimeControl "180+2"]
[Date "2023.02.28"]
[WhiteClock "0:00:20"]
[BlackClock "0:00:24"]

1. e4 c5 2. Nf3 d6 3. d4 cxd4 4. Nxd4 Nf6 5. Nc3 a6 6. Bg5 Nbd7 7. f3 b5 8. Qd2 e6 9. h4 b4 10. Na4 Qa5 11. b3 d5 12. O-O-O Bb7 13. Bxf6 Nxf6 14. e5 Nd7 15. f4 Nc5 16. Nxc5 Bxc5 17. Kb1 Qb6 18. h5 a5 19. h6 g6 20. a4 bxa3 21. Ka2 Rc8 22. Bb5+ Ke7 23. f5 Bxd4 24. Qg5+ Kf8 25. Qf6 Rxc2+ 26. Kb1 Rb2+ 27. Kc1 Be3+ 28. Rd2 Bxd2+ 29. Kd1 Rg8 30. fxe6 Rb1+ 31. Kxd2 Qd4+ 32. Ke2 Rb2+ 33. Ke1 Qd2+ 0-1


[Site "https://www.chess.com"]

[Event "Titled Tuesday Blitz February 28 Early 2023"]
[White "Rosh Jain"]
[Black "Mushini Ajay"]
[WhiteFideId "25789465"]
[BlackFideId "35066188"]
[WhiteElo "2233"]
[BlackElo "2145"]
[Result "0-1"]
[Round "04"]
[TimeControl "180+2"]
[Date "2023.02.28"]
[WhiteClock "0:00:04"]
[BlackClock "0:00:35"]

1. e4 e5 2. Nf3 Nc6 3. Bb5 a6 4. Ba4 Nf6 5. O-O b5 6. Bb3 Bc5 7. Re1 d6 8. c3 Bg4 9. h3 Bh5 10. d3 O-O 11. Nbd2 a5 12. Nf1 a4 13. Bc2 d5 14. Qe2 b4 15. Ng3 Bg6 16. Nh4 a3 17. Nhf5 axb2 18. Bxb2 bxc3 19. Bxc3 d4 20. Bd2 Bb4 21. Bb3 Bxd2 22. Qxd2 Ne7 23. Nh4 Qd6 24. Rac1 Ra7 25. Rf1 Nh5 26. Nxh5 Bxh5 27. Rce1 Kh8 28. f4 exf4 29. Nf5 Nxf5 30. exf5 f3 31. g4 Qg3+ 32. Kh1 Qxh3+ 33. Qh2 Qxh2+ 34. Kxh2 Bxg4 35. f6 gxf6 36. Kg3 f5 37. Kf4 Kg7 38. Re7 Kf6 39. Rd7 h5 40. Rxd4 h4 41. Rc4 h3 42. Rc6+ Kg7 43. Bd1 Rxa2 44. Bxf3 h2 45. Bxg4 fxg4 46. Rcc1 Rg2 47. Rxc7 Rg1 0-1


[Site "https://www.chess.com"]

[Event "Titled Tuesday Blitz February 28 Early 2023"]
[White "Hartikainen, Jarmo"]
[Black "Lorenzo De La Riva, Lazaro"]
[WhiteFideId "503134"]
[BlackFideId "2268809"]
[WhiteElo "2200"]
[BlackElo "2294"]
[Result "1/2-1/2"]
[Round "04"]
[TimeControl "180+2"]
[Date "2023.02.28"]
[WhiteClock "0:00:05"]
[BlackClock "0:00:04"]

1. e4 c5 2. c3 e5 3. Nf3 Nc6 4. d4 cxd4 5. cxd4 exd4 6. Nxd4 Nf6 7. Nc3 Bb4 8. f3 O-O 9. Be3 d5 10. Nxc6 bxc6 11. e5 Re8 12. f4 Ng4 13. Bd2 f6 14. h3 fxe5 15. hxg4 exf4+ 16. Be2 Bxg4 17. Qc2 Bxc3 18. Qxh7+ Kf7 19. O-O-O Bxb2+ 20. Kxb2 Rb8+ 21. Kc2 Qf6 22. Bxg4 Qb2+ 23. Kd3 Qa3+ 24. Bc3 Qa6+ 25. Kd2 Qxa2+ 26. Kd3 Qc4+ 27. Kd2 Qa2+ 28. Kd3 Qa6+ 29. Kd2 Qa2+ 1/2-1/2


[Site "https://www.chess.com"]

[Event "Titled Tuesday Blitz February 28 Early 2023"]
[White "Michalski, Olaf"]
[Black "Delgado Rosas, Fatima Alexandra"]
[WhiteFideId "1106740"]
[BlackFideId "6603963"]
[WhiteElo "2173"]
[BlackElo "2316"]
[Result "0-1"]
[Round "04"]
[TimeControl "180+2"]
[Date "2023.02.28"]
[WhiteClock "0:00:05"]
[BlackClock "0:02:01"]

1. d4 Nf6 2. c4 e6 3. Nf3 d5 4. Nc3 Be7 5. Bg5 Nbd7 6. e3 O-O 7. Rc1 c6 8. Bd3 h6 9. Bh4 dxc4 10. Bxc4 b5 11. Bd3 Bb7 12. O-O a6 13. a4 Qb6 14. Ne5 Rac8 15. Nxd7 Nxd7 16. Bxe7 Rfe8 17. Bh4 c5 18. Be4 b4 19. a5 Qa7 20. Bxb7 Qxb7 21. Na4 c4 22. Qe2 Qb5 23. Nb6 Nxb6 24. axb6 Rc6 25. b3 c3 26. Qxb5 axb5 27. Ra1 Rxb6 28. Rfc1 Rbb8 29. Kf1 f6 30. Ke2 Ra8 31. Kd3 Rec8 32. Bg3 Rd8 33. Bc7 Rxa1 34. Rxa1 Rd7 35. Ba5 Ra7 36. Kc2 Kf7 37. Kb1 Kg6 0-1


[Site "https://www.chess.com"]

[Event "Titled Tuesday Blitz February 28 Early 2023"]
[White "Fabris, Alberto"]
[Black "Antonio, Jorge Carlos"]
[WhiteFideId "801348"]
[BlackFideId "113190"]
[WhiteElo "2120"]
[BlackElo "2247"]
[Result "1-0"]
[Round "04"]
[TimeControl "180+2"]
[Date "2023.02.28"]
[WhiteClock "0:00:39"]
[BlackClock "0:00:50"]

1. e4 c5 2. Nf3 e6 3. d4 cxd4 4. Nxd4 a6 5. c4 Nc6 6. Nc3 Nf6 7. Be2 Bb4 8. Nxc6 bxc6 9. Qc2 d5 10. cxd5 cxd5 11. e5 Ne4 12. Qa4+ Bd7 13. Qxb4 Nxc3 14. bxc3 Rb8 15. Qd4 O-O 16. O-O Bb5 17. Bxb5 Rxb5 18. Ba3 Re8 19. Rfb1 Rxb1+ 20. Rxb1 Qa5 21. Qb4 Qc7 22. Qd6 Qxc3 23. g3 h6 24. Rc1 Qd2 25. Qd7 Rf8 26. Kg2 Rb8 27. Rc7 Qg5 28. Qxf7+ Kh7 29. Qf4 Qg6 30. Bc1 a5 31. h4 Rb4 32. Qf3 Rxh4 33. Ba3 Rg4 34. Bf8 Qf5 35. Qxf5+ exf5 36. e6 Kg8 37. Bd6 Re4 38. Rc8+ Kh7 39. e7 1-0


[Site "https://www.chess.com"]

[Event "Titled Tuesday Blitz February 28 Early 2023"]
[White "Alhadad, Mahmoud"]
[Black "Cella, Glaucio Dalla Cortt"]
[WhiteFideId "11501863"]
[BlackFideId "2119455"]
[WhiteElo "1955"]
[BlackElo "2011"]
[Result "1-0"]
[Round "04"]
[TimeControl "180+2"]
[Date "2023.02.28"]
[WhiteClock "0:00:03"]
[BlackClock "0:00:02"]

1. e4 c5 2. Nc3 e6 3. f4 Nc6 4. Nf3 d5 5. Bb5 d4 6. Bxc6+ bxc6 7. Nb1 Ne7 8. d3 Ng6 9. b3 f5 10. e5 Be7 11. a4 O-O 12. g3 c4 13. bxc4 Rb8 14. Ba3 c5 15. Nbd2 Re8 16. Nb3 Qc7 17. Qd2 Bd7 18. Bc1 Bc6 19. O-O h5 20. h4 Nf8 21. Ng5 Bxg5 22. hxg5 Ba8 23. Ba3 Rxb3 24. cxb3 Qc6 25. Kh2 Ng6 26. Rf2 Rb8 27. Rb1 Kf7 28. Qa5 Rxb3 29. Qxa7+ Kg8 30. Re1 Rxa3 31. a5 h4 32. Rg1 Rxd3 33. Qb8+ Kh7 34. gxh4 Nxh4 35. g6+ Kh6 36. Qd8 Nxg6 37. Qg5+ Kh7 38. Qxg6+ Kh8 39. Qxg7# 1-0


[Site "https://www.chess.com"]

[Event "Titled Tuesday Blitz February 28 Early 2023"]
[White "Castellanos Villela, Alejandro"]
[Black "Tsyhanchuk, Stanislav"]
[WhiteFideId "3446379"]
[BlackFideId "13505130"]
[WhiteElo "2102"]
[BlackElo "2173"]
[Result "1/2-1/2"]
[Round "04"]
[TimeControl "180+2"]
[Date "2023.02.28"]
[WhiteClock "0:00:07"]
[BlackClock "0:00:09"]

1. e4 c5 2. Nf3 d6 3. d4 cxd4 4. Qxd4 Nc6 5. Qe3 g6 6. Be2 Bh6 7. Qc3 Bxc1 8. Qxh8 Kf8 9. O-O Bh6 10. Nc3 Be6 11. Qxh7 Qb6 12. Rab1 Nd4 13. Nxd4 Qxd4 14. Rfd1 Qe5 15. g3 a6 16. f4 Qc5+ 17. Kg2 b5 18. a3 Qc8 19. Bf3 Rb8 20. Rd2 Qc5 21. Rf2 a5 22. Nd5 b4 23. axb4 axb4 24. Ra1 Bd7 25. h4 Bg7 26. h5 e6 27. hxg6 exd5 28. gxf7 Kxf7 29. exd5 Kf8 30. Re2 Qc8 31. Rh1 Bf5 32. Qh4 Bxc2 33. Rc1 b3 34. Qg5 Bf6 35. Qh5 Qf5 36. Qxf5 Bxf5 37. Rc6 Be7 38. Rc7 Bc2 39. g4 Bf6 40. g5 Bxb2 41. Bh5 Ne7 42. Rcxe7 Bc3 43. Rf7+ Kg8 44. Rc7 b2 45. Rxc2 b1=Q 46. R7xc3 Rb2 47. Rc8+ Kg7 48. Rc7+ Kf8 49. Rc8+ Ke7 50. Rc7+ Kd8 51. Rc8+ Kd7 52. Rc7+ Kd8 53. Rc8+ Kd7 54. Rc7+ Kd8 1/2-1/2


[Site "https://www.chess.com"]

[Event "Titled Tuesday Blitz February 28 Early 2023"]
[White "Dilmukhametov, Artur"]
[Black "Romero Barreto, Jaime Jose"]
[WhiteFideId "24179922"]
[BlackFideId "3902498"]
[WhiteElo "2199"]
[BlackElo "2313"]
[Result "0-1"]
[Round "04"]
[TimeControl "180+2"]
[Date "2023.02.28"]
[WhiteClock "0:01:37"]
[BlackClock "0:02:07"]

1. d4 d5 2. Nc3 Nf6 3. Bf4 Nbd7 4. e3 c6 5. Bd3 g6 6. Nf3 Bg7 7. h4 Nh5 8. Bg5 h6 9. Bf4 Nxf4 10. exf4 Qb6 11. Rb1 Bxd4 12. Nxd4 Qxd4 13. Qd2 Nc5 14. h5 Nxd3+ 15. cxd3 Bf5 16. Rd1 O-O-O 17. hxg6 fxg6 18. O-O g5 19. fxg5 hxg5 20. Rfe1 Qh4 21. Kf1 Qh1+ 22. Ke2 Bg4+ 23. Ke3 Qxg2 24. Kd4 b6 25. Qxg5 c5+ 26. Ke5 Rh5 27. f4 Rxg5+ 28. fxg5 Qg3# 0-1


[Site "https://www.chess.com"]

[Event "Titled Tuesday Blitz February 28 Early 2023"]
[White "Einarsson, Halldor Gretar"]
[Black "Novikov, Evgenij"]
[WhiteFideId "2300150"]
[BlackFideId "4125380"]
[WhiteElo "2126"]
[BlackElo "2242"]
[Result "0-1"]
[Round "04"]
[TimeControl "180+2"]
[Date "2023.02.28"]
[WhiteClock "0:00:49"]
[BlackClock "0:00:31"]

1. d4 Nf6 2. c4 c5 3. d5 b5 4. cxb5 a6 5. b6 d6 6. Nc3 g6 7. e4 Bg7 8. Nf3 O-O 9. h3 Nbd7 10. Bd3 Nxb6 11. Nd2 e6 12. Nc4 exd5 13. Nxb6 Qxb6 14. exd5 Re8+ 15. Be3 Qxb2 16. Rc1 Rxe3+ 17. fxe3 Qxg2 18. Rf1 Qg3+ 19. Kd2 Bxh3 20. Qf3 Qg4 21. Rf2 Re8 22. Ne4 Qxf3 23. Rxf3 Nxe4+ 24. Bxe4 Bg4 25. Rf4 f5 26. Bd3 Bh6 0-1


[Site "https://www.chess.com"]

[Event "Titled Tuesday Blitz February 28 Early 2023"]
[White "Manukyan, Artyom"]
[Black "parintele_chess"]
[WhiteFideId "13305786"]
[WhiteElo "2078"]
[BlackElo "2244"]
[Result "1-0"]
[Round "04"]
[TimeControl "180+2"]
[Date "2023.02.28"]
[WhiteClock "0:00:22"]
[BlackClock "0:00:03"]

1. e4 c6 2. d4 d5 3. Nc3 dxe4 4. Nxe4 Nf6 5. Nxf6+ gxf6 6. c3 Bf5 7. g3 h5 8. Bg2 h4 9. Bf4 hxg3 10. hxg3 Rxh1 11. Bxh1 Nd7 12. Qd2 e6 13. O-O-O Qa5 14. a3 Nb6 15. Bc7 Bh6 16. f4 Qb5 17. Bxb6 axb6 18. Qe2 Qb3 19. Be4 Bxe4 20. Qxe4 Bf8 21. Qc2 Qd5 22. f5 Bxa3 23. bxa3 Rxa3 24. Kb1 Rb3+ 25. Kc1 Ra3 26. Qb2 Rb3 27. Qa1 Qc4 28. Kd2 Ke7 29. Ne2 Rb5 30. Qa3+ Kd7 31. fxe6+ fxe6 32. Rh1 Kc8 33. Rh8+ 1-0


[Site "https://www.chess.com"]

[Event "Titled Tuesday Blitz February 28 Early 2023"]
[White "Mendez Machado, Andre"]
[Black "Sokac, Marko"]
[WhiteFideId "6603793"]
[BlackFideId "14531356"]
[WhiteElo "1989"]
[BlackElo "2355"]
[Result "0-1"]
[Round "04"]
[TimeControl "180+2"]
[Date "2023.02.28"]
[WhiteClock "0:00:08"]
[BlackClock "0:00:26"]

1. e4 d6 2. d4 Nf6 3. Nc3 c6 4. a4 e5 5. Be3 Nbd7 6. h3 Be7 7. Nf3 Qc7 8. dxe5 dxe5 9. Bc4 O-O 10. O-O Nb6 11. Bb3 Rd8 12. Qc1 Bd7 13. a5 Nc8 14. Ng5 Be8 15. f4 exf4 16. Bxf4 Bd6 17. Bxd6 Qxd6 18. Kh1 Qd2 19. Qxd2 Rxd2 20. e5 Nd5 21. Nf3 Nxc3 22. Nxd2 Nd5 23. Ne4 Bd7 24. Rad1 Be6 25. Bxd5 cxd5 26. Nc5 b6 27. Nxe6 fxe6 28. axb6 Nxb6 29. Ra1 Nc4 30. b3 Nxe5 31. Rfe1 Nc6 32. Rxe6 Nd4 33. Re7 a6 34. Rd1 Nf5 35. Rc7 d4 36. Rc5 Rf8 37. Kg1 Ng3 38. Rd5 Rc8 39. Kf2 Ne4+ 40. Kf3 Nc3 41. R5xd4 Nxd1 42. Rxd1 Rxc2 43. Rd8+ Kf7 44. Rd7+ Kf8 45. Rd3 Ke7 46. Ke4 Rxg2 47. Kd5 Rg5+ 48. Kc6 Rb5 49. Rd7+ Kf6 50. Rd3 g5 51. Re3 h5 52. Rd3 g4 53. hxg4 hxg4 54. Rc3 Kf5 55. Rc5+ Rxc5+ 56. Kxc5 g3 57. Kb6 g2 58. Kxa6 g1=Q 59. b4 Ke6 60. b5 Kd7 61. b6 Kc6 62. b7 Qb6# 0-1


[Site "https://www.chess.com"]

[Event "Titled Tuesday Blitz February 28 Early 2023"]
[White "Womacka, Mathias"]
[Black "Tagliati, Eleonore"]
[WhiteFideId "4611390"]
[BlackFideId "45172234"]
[WhiteElo "2377"]
[BlackElo "2229"]
[Result "1-0"]
[Round "04"]
[TimeControl "180+2"]
[Date "2023.02.28"]
[WhiteClock "0:00:37"]
[BlackClock "0:00:17"]

1. e4 c5 2. Nf3 e6 3. d4 cxd4 4. Nxd4 Nf6 5. Nc3 Nc6 6. Ndb5 d6 7. Bf4 e5 8. Bg5 a6 9. Na3 b5 10. Nd5 Be7 11. Nxe7 Nxe7 12. Bd3 Bb7 13. Qe2 h6 14. Bxf6 gxf6 15. c3 d5 16. O-O Rg8 17. Nc2 f5 18. exf5 e4 19. f6 exd3 20. fxe7 Qxe7 21. Qxd3 O-O-O 22. Nd4 Qg5 23. g3 Kb8 24. a4 bxa4 25. Rxa4 Rg6 26. Re1 h5 27. Qe3 Qf6 28. Qe7 Rc8 29. Qxf6 Rxf6 30. Re7 Rb6 31. Ra2 Rc7 32. Rxc7 Kxc7 33. f3 Kd7 34. Kf2 Rh6 35. h4 Rf6 36. Ra1 Rg6 37. Re1 f6 38. Ne2 f5 39. Nf4 Rb6 40. Re2 Rh6 41. Ke3 Kd6 42. Kd4 Bc6 43. Re5 Bb5 44. Rxf5 Kc6 45. Rxh5 1-0


[Site "https://www.chess.com"]

[Event "Titled Tuesday Blitz February 28 Early 2023"]
[White "Simonovic, Miroslav"]
[Black "Golubev, Mikhail"]
[WhiteFideId "919152"]
[BlackFideId "14100983"]
[WhiteElo "2057"]
[BlackElo "2374"]
[Result "0-1"]
[Round "04"]
[TimeControl "180+2"]
[Date "2023.02.28"]
[WhiteClock "0:00:12"]
[BlackClock "0:00:42"]

1. d4 d6 2. Bg5 c6 3. h4 Nd7 4. c4 Ngf6 5. Nc3 e5 6. e3 h6 7. Bxf6 Qxf6 8. Qd2 Qd8 9. O-O-O Be7 10. Nf3 O-O 11. dxe5 dxe5 12. g4 Qa5 13. Kb1 Bb4 14. Rc1 Nc5 15. Nxe5 Ne4 16. Qd4 Bxc3 17. bxc3 Nxf2 18. Qf4 Nxh1 19. Bd3 Be6 20. Rxh1 Rad8 21. Qe4 f5 22. Nxc6 fxe4 23. Nxa5 exd3 24. Kc1 d2+ 0-1


[Site "https://www.chess.com"]

[Event "Titled Tuesday Blitz February 28 Early 2023"]
[White "Onslow, Alfie"]
[Black "Sprenar, Petr"]
[WhiteFideId "436976"]
[BlackFideId "397164"]
[WhiteElo "2114"]
[BlackElo "2182"]
[Result "0-1"]
[Round "04"]
[TimeControl "180+2"]
[Date "2023.02.28"]
[WhiteClock "0:00:02"]
[BlackClock "0:00:12"]

1. Nf3 d5 2. c4 e6 3. g3 Nf6 4. d4 Be7 5. Bg2 O-O 6. O-O dxc4 7. Qa4 c6 8. Qxc4 b5 9. Qc2 Bb7 10. a4 Nbd7 11. Ne5 Nxe5 12. dxe5 Nd5 13. Rd1 Qb6 14. Nc3 Nxc3 15. Qxc3 c5 16. Bxb7 Qxb7 17. axb5 Qxb5 18. Be3 a5 19. Rd2 c4 20. Rd4 Rfc8 21. Rc1 Bb4 22. Qc2 c3 23. f4 h5 24. Kf2 Bc5 25. Qxc3 Bxd4 26. Qxc8+ Rxc8 27. Rxc8+ Kh7 28. Bxd4 Qd5 29. e3 Qh1 30. Rc7 Qxh2+ 31. Kf3 Kg6 32. Ra7 Qh1+ 33. Kf2 Qh2+ 34. Kf3 Qh3 35. Kf2 Kf5 36. Rxf7+ Ke4 37. Rxg7 Qh2+ 38. Ke1 Qg1+ 39. Kd2 h4 40. g4 h3 41. f5 h2 42. fxe6 h1=Q 43. Rf7 Qc1+ 44. Ke2 Qhe1# 0-1


[Site "https://www.chess.com"]

[Event "Titled Tuesday Blitz February 28 Early 2023"]
[White "Lesbekova, Assel"]
[Black "Shubenkova, Veronika"]
[WhiteFideId "13713248"]
[BlackFideId "44124040"]
[WhiteElo "1799"]
[BlackElo "2027"]
[Result "1-0"]
[Round "04"]
[TimeControl "180+2"]
[Date "2023.02.28"]
[WhiteClock "0:00:10"]
[BlackClock "0:00:05"]

1. e4 e6 2. d4 d5 3. exd5 exd5 4. Nf3 c6 5. c3 Nf6 6. Bd3 Bd6 7. O-O O-O 8. h3 h6 9. Re1 Re8 10. b3 Nbd7 11. Ba3 Bxa3 12. Nxa3 b6 13. Nc2 Bb7 14. c4 Qc7 15. Qd2 Ne4 16. Bxe4 dxe4 17. Nh2 Nf6 18. Nf1 Rad8 19. Ng3 c5 20. d5 b5 21. Ne3 bxc4 22. bxc4 Ba6 23. Qc2 Qe5 24. Rab1 Rb8 25. Rxb8 Rxb8 26. Rb1 Rxb1+ 27. Qxb1 g6 28. Qb3 Kg7 29. Qa3 Bc8 30. Qxc5 Qa1+ 31. Kh2 Bd7 32. Qxa7 Qb2 33. c5 Qe5 34. c6 Bc8 35. Qa8 Bf5 36. Nxf5+ gxf5 37. Qc8 e3 38. fxe3 Ne4 39. Qxf5 Qxg3+ 40. Kg1 Qxe3+ 41. Kh2 Qg3+ 42. Kg1 Nf6 43. a4 Qd6 44. Qc8 Nxd5 45. a5 Qc5+ 46. Kh2 Qxa5 47. Qg4+ Kf8 48. Qc8+ Ke7 49. Qd7+ Kf6 50. Qd6+ Kg7 51. Qe5+ f6 52. Qg3+ Kf7 53. Qf3 Qc7+ 54. Kh1 Qxc6 55. Qh5+ Ke7 56. Qxh6 Qe6 57. Qh7+ Kd6 58. Qa7 Qe1+ 59. Kh2 Qe5+ 60. Kh1 Ne3 61. Qa3+ Ke6 62. Qb3+ Kf5 63. Qd3+ Kg5 64. Qd2 Qg3 65. Qa5+ f5 66. Qd8+ Kh5 67. Qh8+ Kg5 68. Qg7+ Kf4 69. Qc7+ Ke4 70. Qxg3 1-0


[Site "https://www.chess.com"]